 Dungeon Crawl Stone Soup version 0.30.1-4-g462c640d31 (webtiles) character file.

Game seed: 2214684091281518850

428 pacmanke6689 the Slasher (level 6, -10/43 HPs)
             Began as a Demonspawn Fighter on Sept 10, 2023.
             Was a Follower of Hepliaklqana.
             Mangled by a two-headed ogre
             ... wielding a +0 giant club
              (28 damage)
             ... on level 5 of the Dungeon.
             The game lasted 00:10:54 (3949 turns).

pacmanke6689 the Slasher (Demonspawn Fighter)       Turns: 3949, Time: 00:10:55

Health: -10/43     AC: 10    Str: 18    XL:     6   Next: 65%
Magic:  6/6        EV: 15    Int:  8    God:    Hepliaklqana [*.....]
Gold:   270        SH:  5    Dex: 16    Spells: 5/5 levels left

rFire   . . .        a - +0 long sword
rCold   . . .        c - +0 buckler
rNeg    . . .        b - +0 scale mail
rPois   .            h - +1 helmet
rElec   .            (no cloak)
rCorr   .            (no gloves)
SInv    .            l - +0 pair of boots
Will    .....        (no amulet) Stlth
                     i - +5 ring of evasion
HPRegen 0.27/turn    (no ring)
MPRegen 0.10/turn

%: no passive effects
@: mighty
A: reduced essence, foul stench 1, agile 1, sense surroundings 1
a: Renounce Religion, Recall Ancestor, Ancestor Identity


You were on level 5 of the Dungeon.
You worshipped Hepliaklqana.
Hepliaklqana was aware of your devotion.
You visited 2 branches of the dungeon, and saw 6 of its levels.

You collected 270 gold pieces.

Inventory:

Hand Weapons
 a - a +0 long sword (weapon)
 q - the +7 dagger "Ulontismuq" {drain, Stlth+}
   (You found it on level 3 of the Dungeon)

   Stlth:     It makes you more stealthy.
Armour
 b - a +0 scale mail (worn)
 c - a +0 buckler (worn)
 h - a +1 helmet (worn)
 l - a +0 pair of boots (worn)
 m - a +0 pair of gloves
Jewellery
 i - a +5 ring of evasion (left hand)
Wands
 s - a wand of mindburst (3)
Scrolls
 p - a scroll of blinking {unknown}
 r - a scroll of teleportation
Potions
 d - 2 potions of might
 e - 3 potions of curing
 f - a potion of flight
 g - 2 potions of ambrosia {unknown}
 j - a potion of brilliance {unknown}
 k - 2 potions of heal wounds {unknown}
 n - a potion of degeneration {unknown}
 u - 3 potions of haste {unknown}


   Skills:
 + Level 4.1 Fighting
 + Level 4.7 Long Blades
 + Level 3.6 Armour
 + Level 1.6 Dodging
 + Level 0.2 Stealth
 + Level 3.2 Shields


You had 5 spell levels left.
You didn't know any spells.
Your spell library contained the following spells:

 Spells                   Type           Power      Damage    Failure   Level
 Magic Dart               Conj           0%         1d3       86%         1
 Call Imp                 Summ           0%         N/A       95%         2
 Mephitic Cloud           Conj/Pois/Air  0%         N/A       99%         3


Dungeon Overview and Level Annotations

Branches:
Dungeon (5/15)             Temple (1/1) D:4

Altars:
Ashenzari
Cheibriados
Dithmenos
Fedhas
Gozag
Hepliaklqana
Kikubaaqudgha
Makhleb
Nemelex Xobeh
Qazlal
Ru
Sif Muna
Trog
Uskayaw
Vehumet
Xom
Yredelemnul

Shops:
D:2 :


Innate Abilities, Weirdness & Mutations

Your life essence is reduced to manifest your ancestor. (-10% HP)
You may rarely emit foul miasma when damaged in melee.
You are agile. (Dex +4, Str/Int -1)
You passively map a small area around you.


Message History

A two-headed ogre comes into view. It is wielding two +0 giant clubs.
You swap places.
Nomusa hits the orc.
The orc hits Nomusa with a +0 mace!
Nomusa completely misses the orc.
The orc barely misses Nomusa.
Nomusa hits the orc.
The orc dies!
The two-headed ogre hits Nomusa with a +0 giant club!!
Nomusa is destroyed!
You feel very mighty all of a sudden.
Throw: throwing net
Press: ? - help, Q - select action, (/) - cycle Shift-Dir - straight line, f - two-headed ogre
Aim: a two-headed ogre, wielding two +0 giant clubs (76% to hit)
You throw a throwing net.
The throwing net hits the two-headed ogre.
The two-headed ogre is caught in the net!
The two-headed ogre struggles against the net.
The two-headed ogre struggles against the net.
The two-headed ogre struggles against the net.
You hit the two-headed ogre.
The two-headed ogre is lightly wounded.
The two-headed ogre struggles against the net. x2
You hit the two-headed ogre.
The two-headed ogre is lightly wounded.
The two-headed ogre struggles against the net.
You slash the two-headed ogre!
The two-headed ogre is heavily wounded.
The two-headed ogre struggles against the net.
The net rips apart, and the two-headed ogre comes free!
You slash the two-headed ogre!
The two-headed ogre is severely wounded.
The two-headed ogre barely misses you.
The two-headed ogre hits you with a +0 giant club!
You barely miss the two-headed ogre.
The two-headed ogre is severely wounded.
The two-headed ogre hits you but does no damage.
The two-headed ogre hits you with a +0 giant club!
You slash the two-headed ogre!
The two-headed ogre is almost dead.
The two-headed ogre hits you with a +0 giant club!!
Ouch! That really hurt!
You die...

#.###.##..#
##.##......#####
#............... ,
####............#.
*
#..............###
,
#.###...........#.
*, #.#
###...#..#.... #.#
#...<....... ,
*#@# ######.#.#.#
, #O# #..)..# , ,,
..# ###)### ...#
#.# * ....# * *#.#
* * ...... ,
........# ,...##.#
######### , * .#.#
#.# ,


You could see a two-headed ogre.

Vanquished Creatures
  A scorpion (D:4)
  A howler monkey (D:4)
  A jelly (D:4)
  2 hounds
  A sleepcap (D:4)
  An iguana (D:4)
  7 adders
  3 gnolls (D:5)
  A shadow imp (D:5)
  An ufetubus (D:4)
  A worm (D:2)
  2 dart slugs
  An orc (D:4)
  7 ball pythons
  7 endoplasms
  5 giant cockroaches
  10 goblins
  8 hobgoblins
  7 kobolds
  5 bats
  2 rats
74 creatures vanquished.

Vanquished Creatures (collateral kills)
  An orc (D:5)
1 creature vanquished.

Vanquished Creatures (others)
  An ancestor (D:5)
1 creature vanquished.

Grand Total: 76 creatures vanquished

Notes
Turn   | Place    | Note
-------+----------+-------------------------------------------
     0 | D:1      | pacmanke6689 the Demonspawn Fighter began the quest for the
                  | Orb.
     0 | D:1      | Reached XP level 1. HP: 18/18 MP: 1/1
   315 | D:1      | Gained mutation: You may rarely emit foul miasma when
                  | damaged in melee. [demonic ancestry]
   315 | D:1      | Reached XP level 2. HP: 24/24 MP: 2/2
   903 | D:2      | Gained mutation: You passively map a small area around you.
                  | [potion of mutation]
   903 | D:2      | Gained mutation: You are agile. (Dex +4, Str/Int -1)
                  | [potion of mutation]
   968 | D:2      | Found Giulahoz's Book Emporium.
   974 | D:2      | Reached XP level 3. HP: 29/29 MP: 3/3
  1536 | D:3      | Identified the +7 dagger "Ulontismuq" {drain, Stlth+}
  1670 | D:3      | Reached XP level 4. HP: 37/37 MP: 4/4
  2119 | D:3      | Found a shimmering altar of Xom.
  2244 | D:4      | Found a staircase to the Ecumenical Temple.
  2256 | D:4      | Reached XP level 5. HP: 37/42 MP: 5/5
  2287 | Temple   | Entered the Ecumenical Temple
  2720 | Temple   | Became a worshipper of Hepliaklqana the Forgotten
  3155 | D:4      | Reached skill level 1 in Dodging
  3155 | D:4      | Reached XP level 6. HP: 41/48 MP: 6/6
  3708 | D:5      | Entered Level 5 of the Dungeon
  3816 | D:5      | Reached * piety under Hepliaklqana
  3933 | D:5      | Noticed a two-headed ogre
  3949 | D:5      | Mangled by a two-headed ogre

Illustrated notes

Levels and vault maps discovered:
D:1:      lemuel_arrival_rhombus, layout_loops_corners
D:2:      layout_rooms, serial_shops, shop, minmay_strange_pillars,
          hangedman_decor_growths, minmay_hexomino_f4
D:3:      layout_loops_cross, mainiacjoe_overflow_alcove_4, kennysheep_donut
D:4:      layout_basic, minmay_temple_entry_arrows, minmay_goblin_outpost
D:5:      layout_loops_ring
Temple:   compressed_dpeg_triangle_lava_temple

Skill      XL: |  1  2  3  4  5 |
---------------+----------------+-----
Armour         | 3 |  3.6
Long Blades    | 2 3 4 |  4.7
Shields        | 3 |  3.2
Fighting       | 4 |  4.1
Dodging        | 1 |  1.6
Stealth        | |  0.2

Action                     |  1- 3 |  4- 6 || total
---------------------------+-------+-------++-------
  Melee: Long sword        |   100 |   146 ||   246
  Throw: Throwing net      |       |     1 ||     1
    Use: Scroll            |     1 |     7 ||     8
         Potion            |     1 |     3 ||     4
 Armour: Scale mail        |    59 |    56 ||   115
  Dodge: Dodged            |    44 |   108 ||   152
  Block: Buckler           |    25 |    38 ||    63
